1952 views
Uploaded 2023-02-09 02:46:02
Game version 1.35 (6115)
26:45 long 3on3 ladder game on (8)Battleground_LV
Saved by Cabeelibob
1952 views
Uploaded 2023-02-09 02:46:02
Game version 1.35 (6115)
26:45 long 3on3 ladder game on (8)Battleground_LV


129 units @ 17.7k
/ 2.8k
92 buildings @ 11.4k
/ 5k


| Scroll of Regeneration | 2 | 200 |
| Scroll of Town Portal | 3 | 1050 |
| Boots of Speed | 1 | 250 |
| total: | 6 | 1500g |
| Peasant | 15 | 1125 | / | 0 |
| Footman | 4 | 540 | / | 0 |
| Rifleman | 9 | 1845 | / | 270 |
| Mortar Team | 15 | 2700 | / | 1050 |
| Flying Machine | 4 | 400 | / | 120 |
| total: | 47 | 6610g | / | 1440w |
| Scout Tower | 11 | 330 | / | 220 |
| Arcane Tower | 1 | 70 | / | 50 |
| Guard Tower | 4 | 280 | / | 200 |
| Altar of Kings | 1 | 180 | / | 50 |
| Farm | 14 | 1120 | / | 280 |
| Barracks | 1 | 160 | / | 60 |
| Blacksmith | 1 | 140 | / | 60 |
| Lumber Mill | 1 | 120 | / | 0 |
| Arcane Vault | 2 | 260 | / | 60 |
| Town Hall | 1 | 385 | / | 205 |
| Workshop | 2 | 280 | / | 280 |
| Keep | 1 | 320 | / | 210 |
| Castle | 1 | 360 | / | 210 |
| total: | 34 | 2975g | / | 1215w |
| 0:02 | Peasant |
| 0:03 | Peasant |
| 0:03 | Peasant |
| 0:03 | Peasant |
| 0:03 | Peasant |
| 0:22 | Altar of Kings |
| 0:34 | Farm |
| 0:54 | Barracks |
| 1:06 | Farm |
| 1:18 | Farm |
| 1:35 | Blacksmith |
| 1:44 | Peasant |
| 1:44 | Peasant |
| 1:44 | Peasant |
| 1:44 | Peasant |
| 1:44 | Peasant |
| 1:45 | Peasant |
| 2:02 | Footman |
| 2:27 | Summon Water Elemental |
| 2:39 | Footman |
| 2:39 | Footman |
| 2:39 | Footman |
| 3:05 | Farm |
| 3:10 | Farm |
| 4:32 | Scout Tower |
| 4:35 | Scout Tower |
| 4:39 | Scout Tower |
| 4:45 | Farm |
| 4:51 | Lumber Mill |
| 5:11 | Scout Tower |
| 5:14 | Arcane Tower |
| 5:21 | Arcane Vault |
| 5:23 | Arcane Vault |
| 5:26 | Rifleman |
| 5:26 | Rifleman |
| 5:27 | Rifleman |
| 5:30 | Farm |
| 6:02 | Guard Tower |
| 6:03 | Keep |
| 6:16 | Farm |
| 6:20 | Brilliance Aura |
| 6:59 | Farm |
| 7:20 | Scout Tower |
| 7:26 | Scout Tower |
| 7:27 | Scout Tower |
| 7:30 | Scout Tower |
| 7:30 | Scout Tower |
| 7:31 | Scout Tower |
| 8:06 | Rifleman |
| 8:06 | Rifleman |
| 8:06 | Rifleman |
| 8:07 | Rifleman |
| 8:07 | Rifleman |
| 8:07 | Rifleman |
| 8:09 | Scroll of Regeneration |
| 8:18 | Farm |
| 8:22 | Guard Tower |
| 8:23 | Guard Tower |
| 8:53 | Scout Tower |
| 9:11 | Town Hall |
| 9:49 | Summon Water Elemental |
| 10:06 | Castle |
| 10:14 | Workshop |
| 10:37 | Guard Tower |
| 11:21 | Workshop |
| 11:22 | Mortar Team |
| 11:23 | Mortar Team |
| 11:23 | Mortar Team |
| 11:56 | Black Gunpowder |
| 12:30 | Mortar Team |
| 12:30 | Mortar Team |
| 12:31 | Mortar Team |
| 12:45 | Boots of Speed |
| 12:46 | Scroll of Town Portal |
| 13:09 | Flare |
| 13:09 | Fragmentation Shards |
| 13:11 | Iron Forged Swords |
| 13:18 | Refined Gunpowder |
| 14:39 | Peasant |
| 14:39 | Peasant |
| 14:39 | Peasant |
| 14:40 | Peasant |
| 15:08 | Mortar Team |
| 15:12 | Farm |
| 15:13 | Farm |
| 15:37 | Flame Strike |
| 16:26 | Brilliance Aura |
| 18:05 | Mortar Team |
| 18:05 | Mortar Team |
| 18:07 | Mortar Team |
| 18:07 | Mortar Team |
| 19:20 | Scroll of Regeneration |
| 19:34 | Imbued Gunpowder |
| 19:36 | Scroll of Town Portal |
| 19:41 | Flying Machine |
| 19:41 | Flying Machine |
| 19:41 | Flying Machine |
| 19:41 | Flying Machine |
| 20:34 | Flying Machine Bombs |
| 20:35 | Flak Cannons |
| 22:14 | Mortar Team |
| 22:14 | Mortar Team |
| 22:31 | Mortar Team |
| 23:23 | Studded Leather Armor |
| 23:38 | Mortar Team |
| 23:41 | Farm |
| 24:17 | Scroll of Town Portal |
| 24:40 | Farm |
| 25:43 | Siphon Mana |
| Right click | 951 |
| Select | 422 |
| Build/train/purchase | 98 |
| Select group | 11 |
| Use ability | 9 |
| Assign group | 6 |
| Minimap ping | 5 |
| Remove unit | 2 |

| Healing Salve | 2 | 200 |
| Scroll of Town Portal | 1 | 350 |
| Circlet of Nobility | 2 | 350 |
| total: | 5 | 900g |
| Peon | 10 | 750 | / | 0 |
| Troll Headhunter | 14 | 1960 | / | 280 |
| Wind Rider | 5 | 1325 | / | 200 |
| Troll Berserker | 5 | 700 | / | 100 |
| total: | 34 | 4735g | / | 580w |
| Watch Tower | 9 | 990 | / | 720 |
| Altar of Storms | 2 | 360 | / | 100 |
| Orc Burrow | 9 | 1440 | / | 360 |
| Barracks | 2 | 360 | / | 100 |
| War Mill | 2 | 410 | / | 0 |
| Voodoo Lounge | 1 | 130 | / | 30 |
| Great Hall | 2 | 770 | / | 370 |
| Beastiary | 2 | 290 | / | 280 |
| Stronghold | 2 | 630 | / | 380 |
| Fortress | 1 | 325 | / | 190 |
| total: | 29 | 4750g | / | 1960w |
| 0:05 | Altar of Storms |
| 0:05 | Peon |
| 0:05 | Peon |
| 0:06 | Peon |
| 0:06 | Peon |
| 0:23 | Orc Burrow |
| 0:37 | Barracks |
| 0:42 | Peon |
| 1:02 | Peon |
| 1:19 | War Mill |
| 1:35 | Voodoo Lounge |
| 1:54 | Peon |
| 2:13 | Endurance Aura |
| 2:22 | Orc Burrow |
| 2:31 | Troll Headhunter |
| 2:31 | Troll Headhunter |
| 2:34 | Troll Headhunter |
| 2:51 | Steel Ranged Weapons |
| 2:58 | Troll Headhunter |
| 3:27 | Orc Burrow |
| 3:45 | Troll Headhunter |
| 4:15 | Stronghold |
| 4:17 | Troll Headhunter |
| 4:25 | Healing Salve |
| 4:46 | Steel Armor |
| 4:51 | War Stomp |
| 5:18 | Troll Headhunter |
| 5:18 | Troll Headhunter |
| 5:18 | Troll Headhunter |
| 5:26 | Barracks |
| 5:55 | Circlet of Nobility |
| 6:41 | Troll Regeneration |
| 6:56 | Troll Headhunter |
| 7:00 | Beastiary |
| 7:01 | Beastiary |
| 7:23 | Endurance Aura |
| 7:53 | Scroll of Town Portal |
| 7:53 | Healing Salve |
| 8:04 | Thorium Ranged Weapons |
| 8:24 | Peon |
| 8:24 | Peon |
| 8:30 | Orc Burrow |
| 8:33 | Orc Burrow |
| 9:32 | Wind Rider |
| 9:34 | Thorium Armor |
| 9:47 | Troll Headhunter |
| 11:11 | Troll Headhunter |
| 11:13 | Troll Headhunter |
| 11:59 | Fortress |
| 12:49 | Circlet of Nobility |
| 13:29 | Orc Burrow |
| 13:30 | Orc Burrow |
| 13:36 | Orc Burrow |
| 13:38 | Orc Burrow |
| 14:02 | Wind Rider |
| 14:08 | Troll Headhunter |
| 14:12 | Reinforced Defenses |
| 14:13 | Spiked Barricades |
| 14:28 | Berserker Upgrade |
| 14:42 | Wind Rider |
| 14:48 | Wind Rider |
| 15:06 | Envenomed Spears |
| 16:10 | Wind Rider |
| 16:12 | Troll Berserker |
| 16:17 | Peon |
| 16:20 | War Stomp |
| 18:11 | Troll Berserker |
| 18:11 | Troll Berserker |
| 18:40 | Great Hall |
| 19:10 | Watch Tower |
| 19:20 | Altar of Storms |
| 21:50 | Stronghold |
| 22:49 | Watch Tower |
| 22:56 | Watch Tower |
| 22:57 | Watch Tower |
| 23:13 | Troll Berserker |
| 23:55 | Great Hall |
| 24:04 | Watch Tower |
| 24:13 | Watch Tower |
| 24:13 | Watch Tower |
| 24:22 | Watch Tower |
| 24:23 | Watch Tower |
| 25:32 | War Mill |
| 25:55 | Troll Berserker |
| Right click | 756 |
| Select | 357 |
| Select group | 119 |
| Build/train/purchase | 79 |
| Assign group | 28 |
| Use ability | 14 |
| Chat | 10 |
| Minimap ping | 8 |
| Remove unit | 3 |
| Esc | 2 |



x1)
| Scroll of Regeneration | 4 | 400 |
| Lesser Clarity Potion | 4 | 280 |
| Staff of Sanctuary | 1 | 250 |
| Orb of Fire | 1 | 325 |
| Scroll of Town Portal | 2 | 700 |
| Scroll of Healing | 3 | 750 |
| Potion of Lesser Invulnerability | 2 | 300 |
| Tome of Retraining | 1 | 300 |
| total: | 18 | 3305g |
| Peasant | 20 | 1500 | / | 0 |
| Footman | 15 | 2025 | / | 0 |
| Dragonhawk Rider | 2 | 400 | / | 60 |
| Gryphon Rider | 5 | 1400 | / | 350 |
| Siege Engine | 5 | 975 | / | 300 |
| Flying Machine | 1 | 100 | / | 30 |
| total: | 48 | 6400g | / | 740w |
| Scout Tower | 2 | 60 | / | 40 |
| Arcane Tower | 2 | 140 | / | 100 |
| Guard Tower | 2 | 140 | / | 100 |
| Altar of Kings | 2 | 360 | / | 100 |
| Farm | 12 | 960 | / | 240 |
| Barracks | 1 | 160 | / | 60 |
| Town Hall | 2 | 770 | / | 410 |
| Arcane Vault | 2 | 260 | / | 60 |
| Lumber Mill | 1 | 120 | / | 0 |
| Blacksmith | 1 | 140 | / | 60 |
| Gryphon Aviary | 2 | 280 | / | 300 |
| Workshop | 4 | 560 | / | 560 |
| Keep | 2 | 640 | / | 420 |
| Castle | 2 | 720 | / | 420 |
| total: | 29 | 3670g | / | 1830w |
| 0:01 | Peasant |
| 0:01 | Peasant |
| 0:10 | Altar of Kings |
| 0:12 | Altar of Kings |
| 0:19 | Farm |
| 0:21 | Barracks |
| 0:25 | Peasant |
| 0:35 | Peasant |
| 0:49 | Peasant |
| 1:04 | Farm |
| 1:15 | Peasant |
| 1:23 | Footman |
| 1:29 | Farm |
| 1:42 | Footman |
| 1:43 | Peasant |
| 1:53 | Peasant |
| 2:02 | Footman |
| 2:02 | Footman |
| 2:02 | Footman |
| 2:02 | Footman |
| 2:02 | Footman |
| 2:02 | Footman |
| 2:02 | Footman |
| 2:02 | Footman |
| 2:11 | Summon Water Elemental |
| 2:29 | Peasant |
| 2:29 | Peasant |
| 2:43 | Farm |
| 2:45 | Peasant |
| 2:46 | Footman |
| 3:23 | Brilliance Aura |
| 3:44 | Town Hall |
| 3:45 | Peasant |
| 3:48 | Scout Tower |
| 3:57 | Footman |
| 4:16 | Arcane Vault |
| 4:18 | Arcane Tower |
| 4:36 | Footman |
| 4:45 | Summon Water Elemental |
| 4:52 | Keep |
| 5:14 | Footman |
| 5:25 | Lumber Mill |
| 5:29 | Arcane Vault |
| 5:30 | Footman |
| 5:36 | Peasant |
| 5:36 | Peasant |
| 5:40 | Farm |
| 5:47 | Blacksmith |
| 5:56 | Defend |
| 6:06 | Scroll of Regeneration |
| 6:06 | Lesser Clarity Potion |
| 6:08 | Scroll of Regeneration |
| 6:34 | Improved Lumber Harvesting |
| 6:37 | Farm |
| 7:28 | Castle |
| 7:29 | Gryphon Aviary |
| 7:31 | Gryphon Aviary |
| 7:37 | Advanced Lumber Harvesting |
| 7:48 | Scroll of Town Portal |
| 7:48 | Lesser Clarity Potion |
| 7:50 | Scroll of Regeneration |
| 7:58 | Studded Leather Armor |
| 7:58 | Reinforced Leather Armor |
| 8:02 | Farm |
| 8:30 | Breath of Fire |
| 8:30 | Breath of Fire |
| 9:18 | Dragonhawk Rider |
| 9:21 | Farm |
| 9:53 | Cloud |
| 9:54 | Storm Hammers |
| 9:58 | Drunken Haze |
| 10:25 | Farm |
| 10:28 | Animal War Training |
| 10:41 | Brilliance Aura |
| 11:05 | Gryphon Rider |
| 11:38 | Gryphon Rider |
| 11:55 | Staff of Sanctuary |
| 11:55 | Orb of Fire |
| 11:56 | Scroll of Regeneration |
| 11:56 | Lesser Clarity Potion |
| 12:16 | Holy Light |
| 12:21 | Scroll of Healing |
| 12:22 | Potion of Lesser Invulnerability |
| 12:42 | Gryphon Rider |
| 12:43 | Iron Forged Swords |
| 12:43 | Dragonhide Armor |
| 12:46 | Farm |
| 13:32 | Gryphon Rider |
| 13:37 | Divine Shield |
| 13:39 | Breath of Fire |
| 14:39 | Scroll of Healing |
| 14:42 | Tome of Retraining |
| 14:42 | Retrain Hero |
| 14:44 | Blizzard |
| 14:44 | Blizzard |
| 14:45 | Brilliance Aura |
| 14:46 | Potion of Lesser Invulnerability |
| 14:49 | Scroll of Healing |
| 15:03 | Steel Forged Swords |
| 15:07 | Gryphon Rider |
| 15:41 | Workshop |
| 15:43 | Workshop |
| 15:45 | Workshop |
| 16:56 | Town Hall |
| 17:01 | Flak Cannons |
| 17:05 | Barrage |
| 17:27 | Siege Engine |
| 17:51 | Black Gunpowder |
| 17:53 | Iron Plating |
| 18:11 | Peasant |
| 18:20 | Siege Engine |
| 19:19 | Dragonhawk Rider |
| 19:29 | Workshop |
| 19:42 | Refined Gunpowder |
| 19:42 | Imbued Gunpowder |
| 19:59 | Flying Machine |
| 20:17 | Peasant |
| 20:18 | Peasant |
| 20:29 | Siege Engine |
| 21:48 | Siege Engine |
| 22:36 | Lesser Clarity Potion |
| 22:47 | Steel Plating |
| 23:50 | Peasant |
| 23:50 | Peasant |
| 23:50 | Peasant |
| 23:56 | Scout Tower |
| 24:31 | Guard Tower |
| 24:33 | Farm |
| 24:35 | Farm |
| 24:44 | Scroll of Town Portal |
| 26:15 | Siege Engine |
| Right click | 1887 |
| Select group | 830 |
| Select | 530 |
| Misc. action | 328 |
| Build/train/purchase | 194 |
| Assign group | 50 |
| Use ability | 41 |
| Minimap ping | 16 |
| Item give/drop | 10 |
| Resource trade | 6 |
| Esc | 5 |
82 units @ 7.9k
/ 1.2k
165 buildings @ 11.5k
/ 5.7k


| Peasant | 19 | 1425 | / | 0 |
| Mortar Team | 3 | 540 | / | 210 |
| total: | 22 | 1965g | / | 210w |
| Scout Tower | 86 | 2580 | / | 1720 |
| Arcane Tower | 17 | 1190 | / | 850 |
| Guard Tower | 16 | 1120 | / | 800 |
| Altar of Kings | 2 | 360 | / | 100 |
| Farm | 12 | 960 | / | 240 |
| Lumber Mill | 3 | 360 | / | 0 |
| Town Hall | 2 | 770 | / | 410 |
| Blacksmith | 1 | 140 | / | 60 |
| Cannon Tower | 4 | 480 | / | 400 |
| Workshop | 1 | 140 | / | 140 |
| Arcane Sanctum | 1 | 150 | / | 140 |
| Keep | 2 | 640 | / | 420 |
| Castle | 1 | 360 | / | 210 |
| total: | 108 | 5460g | / | 2810w |
| 0:04 | Peasant |
| 0:05 | Peasant |
| 0:19 | Altar of Kings |
| 0:22 | Farm |
| 0:25 | Farm |
| 0:36 | Lumber Mill |
| 0:37 | Lumber Mill |
| 0:39 | Peasant |
| 0:39 | Peasant |
| 0:56 | Farm |
| 0:57 | Farm |
| 0:59 | Peasant |
| 1:10 | Peasant |
| 1:22 | Scout Tower |
| 1:27 | Peasant |
| 1:30 | Peasant |
| 1:38 | Improved Lumber Harvesting |
| 1:48 | Peasant |
| 1:51 | Arcane Tower |
| 2:06 | Peasant |
| 2:06 | Peasant |
| 2:06 | Peasant |
| 2:34 | Storm Bolt |
| 3:19 | Peasant |
| 3:19 | Peasant |
| 3:23 | Scout Tower |
| 3:24 | Scout Tower |
| 3:25 | Scout Tower |
| 3:26 | Scout Tower |
| 3:28 | Scout Tower |
| 3:28 | Scout Tower |
| 3:36 | Keep |
| 3:41 | Scout Tower |
| 3:42 | Scout Tower |
| 3:45 | Scout Tower |
| 3:46 | Scout Tower |
| 4:01 | Scout Tower |
| 4:07 | Guard Tower |
| 4:28 | Town Hall |
| 4:37 | Guard Tower |
| 4:42 | Scout Tower |
| 4:42 | Scout Tower |
| 4:50 | Scout Tower |
| 5:02 | Scout Tower |
| 5:03 | Scout Tower |
| 5:04 | Scout Tower |
| 5:07 | Scout Tower |
| 5:08 | Scout Tower |
| 5:09 | Scout Tower |
| 5:15 | Scout Tower |
| 5:15 | Scout Tower |
| 5:17 | Scout Tower |
| 5:20 | Guard Tower |
| 5:24 | Improved Masonry |
| 6:06 | Peasant |
| 6:06 | Peasant |
| 6:13 | Scout Tower |
| 6:14 | Scout Tower |
| 6:15 | Scout Tower |
| 6:16 | Scout Tower |
| 6:18 | Scout Tower |
| 6:18 | Scout Tower |
| 6:20 | Scout Tower |
| 6:20 | Scout Tower |
| 6:21 | Scout Tower |
| 6:22 | Scout Tower |
| 6:24 | Scout Tower |
| 6:25 | Scout Tower |
| 6:26 | Scout Tower |
| 6:31 | Scout Tower |
| 6:32 | Scout Tower |
| 6:33 | Scout Tower |
| 6:38 | Guard Tower |
| 7:36 | Holy Light |
| 7:36 | Holy Light |
| 7:37 | Holy Light |
| 7:51 | Scout Tower |
| 7:52 | Scout Tower |
| 7:54 | Peasant |
| 7:54 | Peasant |
| 7:54 | Peasant |
| 7:57 | Keep |
| 8:02 | Scout Tower |
| 8:02 | Scout Tower |
| 8:03 | Scout Tower |
| 8:06 | Scout Tower |
| 8:06 | Scout Tower |
| 8:12 | Advanced Masonry |
| 8:22 | Scout Tower |
| 8:24 | Guard Tower |
| 8:29 | Scout Tower |
| 8:30 | Scout Tower |
| 8:34 | Scout Tower |
| 8:35 | Scout Tower |
| 8:39 | Arcane Tower |
| 8:56 | Guard Tower |
| 8:59 | Scout Tower |
| 9:00 | Scout Tower |
| 9:00 | Scout Tower |
| 9:04 | Arcane Tower |
| 9:25 | Arcane Tower |
| 9:35 | Blacksmith |
| 9:39 | Arcane Tower |
| 9:42 | Arcane Tower |
| 9:44 | Arcane Tower |
| 9:45 | Guard Tower |
| 9:48 | Scout Tower |
| 9:49 | Scout Tower |
| 9:56 | Advanced Lumber Harvesting |
| 9:59 | Arcane Tower |
| 10:06 | Guard Tower |
| 10:11 | Scout Tower |
| 10:13 | Scout Tower |
| 10:15 | Scout Tower |
| 10:19 | Scout Tower |
| 10:35 | Arcane Tower |
| 10:43 | Scout Tower |
| 10:47 | Guard Tower |
| 10:59 | Scout Tower |
| 11:04 | Scout Tower |
| 11:12 | Scout Tower |
| 11:15 | Scout Tower |
| 11:17 | Scout Tower |
| 11:22 | Scout Tower |
| 11:40 | Guard Tower |
| 11:42 | Guard Tower |
| 11:47 | Scout Tower |
| 11:51 | Guard Tower |
| 12:01 | Arcane Tower |
| 12:07 | Lumber Mill |
| 12:21 | Arcane Tower |
| 12:23 | Arcane Tower |
| 12:36 | Arcane Tower |
| 12:40 | Arcane Tower |
| 13:16 | Altar of Kings |
| 13:19 | Workshop |
| 13:20 | Black Gunpowder |
| 13:27 | Scout Tower |
| 13:28 | Scout Tower |
| 13:33 | Scout Tower |
| 13:35 | Scout Tower |
| 13:41 | Scout Tower |
| 13:42 | Scout Tower |
| 13:43 | Scout Tower |
| 14:07 | Guard Tower |
| 14:08 | Guard Tower |
| 14:11 | Arcane Tower |
| 14:17 | Scout Tower |
| 14:18 | Scout Tower |
| 14:31 | Refined Gunpowder |
| 14:35 | Farm |
| 14:37 | Farm |
| 14:38 | Farm |
| 14:38 | Farm |
| 14:39 | Farm |
| 14:40 | Farm |
| 14:41 | Farm |
| 14:45 | Cannon Tower |
| 15:07 | Cannon Tower |
| 15:34 | Farm |
| 15:40 | Arcane Tower |
| 15:42 | Arcane Tower |
| 15:43 | Cannon Tower |
| 15:44 | Cannon Tower |
| 15:50 | Scout Tower |
| 15:50 | Scout Tower |
| 15:51 | Scout Tower |
| 15:53 | Guard Tower |
| 18:16 | Guard Tower |
| 18:20 | Arcane Sanctum |
| 19:18 | Storm Bolt |
| 19:20 | Holy Light |
| 19:33 | Scout Tower |
| 19:34 | Scout Tower |
| 19:35 | Scout Tower |
| 19:36 | Scout Tower |
| 19:36 | Scout Tower |
| 20:58 | Town Hall |
| 22:33 | Castle |
| 22:36 | Magic Sentry |
| 22:45 | Mortar Team |
| 22:45 | Mortar Team |
| 22:46 | Mortar Team |
| 22:47 | Flare |
| 23:00 | Studded Leather Armor |
| Right click | 1281 |
| Select group | 1076 |
| Select | 460 |
| Build/train/purchase | 86 |
| Use ability | 21 |
| Assign group | 15 |
| Resource trade | 13 |
| Misc. action | 7 |
| Minimap ping | 4 |
| Esc | 3 |
| Remove unit | 1 |


| Peasant | 14 | 1050 | / | 0 |
| Mortar Team | 1 | 180 | / | 70 |
| Flying Machine | 24 | 2400 | / | 720 |
| Dragonhawk Rider | 2 | 400 | / | 60 |
| total: | 41 | 4030g | / | 850w |
| Scout Tower | 11 | 330 | / | 220 |
| Arcane Tower | 1 | 70 | / | 50 |
| Guard Tower | 3 | 210 | / | 150 |
| Altar of Kings | 1 | 180 | / | 50 |
| Farm | 13 | 1040 | / | 260 |
| Lumber Mill | 2 | 240 | / | 0 |
| Blacksmith | 1 | 140 | / | 60 |
| Arcane Vault | 1 | 130 | / | 30 |
| Workshop | 3 | 420 | / | 420 |
| Gryphon Aviary | 1 | 140 | / | 150 |
| Keep | 1 | 320 | / | 210 |
| Castle | 1 | 360 | / | 210 |
| total: | 33 | 2620g | / | 1190w |
| 0:02 | Peasant |
| 0:05 | Peasant |
| 0:18 | Altar of Kings |
| 0:19 | Peasant |
| 0:30 | Peasant |
| 0:33 | Farm |
| 0:34 | Peasant |
| 0:49 | Lumber Mill |
| 0:51 | Peasant |
| 0:53 | Peasant |
| 1:04 | Scout Tower |
| 1:06 | Peasant |
| 1:10 | Farm |
| 1:24 | Peasant |
| 1:31 | Arcane Tower |
| 1:44 | Peasant |
| 1:51 | Improved Lumber Harvesting |
| 2:05 | Farm |
| 2:11 | Blacksmith |
| 2:14 | Peasant |
| 2:23 | Storm Bolt |
| 2:55 | Keep |
| 3:24 | Black Gunpowder |
| 3:28 | Farm |
| 4:07 | Scout Tower |
| 4:09 | Scout Tower |
| 4:09 | Scout Tower |
| 4:31 | Studded Leather Armor |
| 4:32 | Iron Plating |
| 4:39 | Scout Tower |
| 4:40 | Scout Tower |
| 4:42 | Guard Tower |
| 4:49 | Scout Tower |
| 4:53 | Scout Tower |
| 4:54 | Scout Tower |
| 4:55 | Scout Tower |
| 4:55 | Scout Tower |
| 5:16 | Peasant |
| 5:16 | Peasant |
| 5:25 | Workshop |
| 5:37 | Workshop |
| 5:47 | Peasant |
| 5:48 | Advanced Lumber Harvesting |
| 6:06 | Guard Tower |
| 6:43 | Castle |
| 6:48 | Flare |
| 7:13 | Guard Tower |
| 7:29 | Bash |
| 7:31 | Bash |
| 7:36 | Holy Light |
| 8:04 | Flak Cannons |
| 8:08 | Workshop |
| 8:11 | Improved Masonry |
| 8:17 | Refined Gunpowder |
| 9:08 | Holy Light |
| 9:14 | Flying Machine Bombs |
| 9:14 | Fragmentation Shards |
| 9:22 | Steel Plating |
| 9:54 | Mortar Team |
| 9:58 | Farm |
| 9:58 | Farm |
| 10:04 | Farm |
| 11:02 | Flying Machine |
| 11:02 | Flying Machine |
| 11:02 | Flying Machine |
| 11:02 | Flying Machine |
| 11:03 | Flying Machine |
| 11:09 | Flying Machine |
| 11:09 | Flying Machine |
| 11:12 | Advanced Masonry |
| 11:46 | Flying Machine |
| 11:46 | Flying Machine |
| 11:46 | Flying Machine |
| 11:59 | Imbued Gunpowder |
| 12:11 | Divine Shield |
| 12:34 | Farm |
| 12:36 | Farm |
| 12:38 | Farm |
| 12:41 | Farm |
| 13:15 | Imbued Masonry |
| 13:18 | Flying Machine |
| 13:21 | Farm |
| 13:23 | Farm |
| 13:44 | Flying Machine |
| 14:01 | Gryphon Aviary |
| 14:03 | Arcane Vault |
| 14:10 | Flying Machine |
| 15:11 | Cloud |
| 15:11 | Dragonhawk Rider |
| 15:16 | Dragonhawk Rider |
| 17:34 | Storm Bolt |
| 17:36 | Divine Shield |
| 20:27 | Lumber Mill |
| 22:13 | Bash |
| 22:14 | Holy Light |
| 22:27 | Flying Machine |
| 22:27 | Flying Machine |
| 22:27 | Flying Machine |
| 22:27 | Flying Machine |
| 22:36 | Flying Machine |
| 22:36 | Flying Machine |
| 22:37 | Flying Machine |
| 22:37 | Flying Machine |
| 22:37 | Flying Machine |
| 22:37 | Flying Machine |
| 22:38 | Flying Machine |
| Right click | 1071 |
| Select group | 364 |
| Select | 261 |
| Build/train/purchase | 82 |
| Misc. action | 50 |
| Use ability | 50 |
| Resource trade | 25 |
| Assign group | 11 |
| Esc | 10 |
| Remove unit | 5 |
| Minimap ping | 3 |
Cabeelibob
(194)
(26:34) : 
| Healing Salve | 2 | 200 |
| Lesser Clarity Potion | 5 | 350 |
| Orb of Lightning | 1 | 375 |
| Potion of Mana | 2 | 400 |
| Boots of Speed | 1 | 250 |
| Staff of Teleportation | 1 | 150 |
| total: | 12 | 1725g |
| Peon | 12 | 900 | / | 0 |
| Troll Witch Doctor | 7 | 1015 | / | 175 |
| total: | 19 | 1915g | / | 175w |
| Watch Tower | 14 | 1540 | / | 1120 |
| Altar of Storms | 1 | 180 | / | 50 |
| Orc Burrow | 3 | 480 | / | 120 |
| War Mill | 2 | 410 | / | 0 |
| Voodoo Lounge | 2 | 260 | / | 60 |
| Great Hall | 1 | 385 | / | 185 |
| Spirit Lodge | 1 | 150 | / | 150 |
| Stronghold | 1 | 315 | / | 190 |
| Fortress | 1 | 325 | / | 190 |
| total: | 24 | 3405g | / | 1685w |
| 0:05 | Altar of Storms |
| 0:10 | Orc Burrow |
| 0:10 | Peon |
| 0:21 | Peon |
| 0:41 | Peon |
| 0:44 | War Mill |
| 0:56 | Peon |
| 1:02 | Peon |
| 1:17 | Peon |
| 1:32 | Peon |
| 1:39 | Orc Burrow |
| 1:46 | Peon |
| 1:53 | Peon |
| 1:59 | Peon |
| 2:10 | Wind Walk |
| 2:22 | Voodoo Lounge |
| 2:56 | Watch Tower |
| 2:57 | Peon |
| 2:57 | Peon |
| 3:38 | Great Hall |
| 3:40 | Voodoo Lounge |
| 3:57 | Healing Salve |
| 5:18 | Orc Burrow |
| 5:52 | Watch Tower |
| 6:48 | Stronghold |
| 8:06 | Watch Tower |
| 8:12 | Lesser Clarity Potion |
| 8:14 | Healing Salve |
| 8:20 | Watch Tower |
| 8:22 | Watch Tower |
| 9:08 | Critical Strike |
| 10:04 | Fortress |
| 10:47 | Spirit Lodge |
| 12:45 | Witch Doctor Adept Training |
| 13:10 | Boots of Speed |
| 13:11 | Staff of Teleportation |
| 13:46 | Orb of Lightning |
| 14:39 | Witch Doctor Master Training |
| 14:39 | Troll Witch Doctor |
| 14:40 | Troll Witch Doctor |
| 14:40 | Troll Witch Doctor |
| 14:40 | Troll Witch Doctor |
| 15:35 | Watch Tower |
| 15:35 | Watch Tower |
| 15:36 | Watch Tower |
| 15:36 | Watch Tower |
| 15:37 | Watch Tower |
| 15:37 | Watch Tower |
| 16:03 | Critical Strike |
| 17:35 | War Mill |
| 17:39 | Lesser Clarity Potion |
| 19:06 | Wind Walk |
| 20:19 | Reinforced Defenses |
| 20:22 | Watch Tower |
| 20:22 | Watch Tower |
| 20:23 | Watch Tower |
| 20:29 | Lesser Clarity Potion |
| 21:59 | Critical Strike |
| 22:17 | Spiked Barricades |
| 22:25 | Lesser Clarity Potion |
| 23:52 | Lesser Clarity Potion |
| 23:53 | Potion of Mana |
| 24:14 | Troll Witch Doctor |
| 24:15 | Troll Witch Doctor |
| 24:15 | Troll Witch Doctor |
| 26:20 | Bladestorm |
| 26:26 | Potion of Mana |
| Right click | 877 |
| Select | 176 |
| Select group | 122 |
| Misc. action | 121 |
| Build/train/purchase | 80 |
| Resource trade | 56 |
| Use ability | 29 |
| Item give/drop | 14 |
| Assign group | 12 |
| Chat | 9 |
| Minimap ping | 3 |
⇛